 Dungeon Crawl Stone Soup version 0.26.0-10-g1f06aea511 (webtiles) character file.

Game seed: 508758420777198453

3152 Dracia the Tainter (level 9, -6/68 HPs)
             Began as a Naga Venom Mage on Jan 20, 2021.
             Was a Believer of Cheibriados.
             Mangled by an orc warrior
             ... wielding a +1 halberd of venom
              (10 damage)
             ... on level 8 of the Dungeon.
             The game lasted 00:23:10 (10347 turns).

Dracia the Tainter (Naga Venom Mage)               Turns: 10347, Time: 00:23:11

Health: -6/68      AC: 10    Str: 15    XL:     9   Next: 93%
Magic:  9/12       EV:  9    Int: 25    God:    Cheibriados [**....]
Gold:   401        SH:  0    Dex: 16    Spells: 3/12 levels left

rFire    + . .     SeeInvis +   c - +4 whip
rCold    . . .     Faith    .   s - +1 buckler {AC+3}
rNeg     . . .     Spirit   .   b - +0 acid dragon scales
rPois    +         Reflect  .   h - +0 helmet
rElec    .         Harm     .   (no cloak)
rCorr    +         Rampage  .   (no gloves)
Will     +....                  (no barding)
Stlth    +.........             (no amulet)
HPRegen  0.21/turn              F - ring of protection from fire
MPRegen  0.13/turn              v - ring of see invisible

@: confused, mighty, very slow
A: large, see invisible, deformed body, poison resistance, slowness 2, spit
poison 1, AC +3
a: Spit Poison, Renounce Religion, Bend Time


You were on level 8 of the Dungeon.
You worshipped Cheibriados.
Cheibriados was pleased with you.
You visited 2 branches of the dungeon, and saw 9 of its levels.
You also visited: Ossuary.

You collected 401 gold pieces.


Innate Abilities, Weirdness & Mutations

You cannot wear boots.
Your serpentine skin is tough. (AC +3)
You have supernaturally acute eyesight. (SInv)
Armour fits poorly on your strangely shaped body.
Your system is resistant to poisons. (rPois)
You cover ground very slowly.
You can spit poison.


   Skills:
 - Level 1.5 Dodging
 - Level 3.0 Stealth
 - Level 2.4 Shields
 - Level 2.0 Spellcasting
 - Level 2.0 Transmutations
 - Level 3.0 Air Magic
 - Level 14.7 Poison Magic
 + Level 5.2 Invocations


You had 3 spell levels left.
You knew the following spells:

 Your Spells              Type           Power        Failure   Level
m - Mephitic Cloud        Conj/Pois/Air  32%          4%          3
p - Poisonous Vapours     Pois/Air       92%          1%          2
z - Sting                 Tmut/Pois      100%         1%          1
X - Ignite Poison         Fire/Tmut/Pois 30%          4%          3

Your spell library contained the following spells:

 Spells                   Type           Power        Failure   Level
 Magic Dart               Conj           8%           16%         1
 Blink                    Tloc           N/A          24%         2
 Call Imp                 Summ           2%           24%         2
 Slow                     Hex            2%           24%         2
 Conjure Flame            Conj/Fire      2%           43%         3
 Olgreb's Toxic Radiance  Pois           66%          1%          4

Inventory:

Hand Weapons
 c - a +4 whip (weapon)
 p - a -1 rapier
 r - a +0 quarterstaff
Missiles
 k - a throwing net {=f=f}
 o - 20 poisoned darts
 q - 8 curare-tipped darts {=f=f}
 z - 2 atropa-tipped darts
Armour
 a - a +0 robe
 b - +0 acid dragon scales (worn)
 h - a +0 helmet (worn)
 s - a +1 buckler of protection (worn)
 w - a +2 leather armour of fire resistance
Jewellery
 f - an uncursed ring of protection from fire
 v - a ring of see invisible (right hand)
 C - an uncursed ring of ice
 F - a ring of protection from fire (left hand)
 L - an uncursed ring of flight
 T - an uncursed amulet of faith {!P!P}
Wands
 x - a wand of iceblast (11)
Scrolls
 l - 4 scrolls of remove curse {@r2@r2}
 u - a scroll of magic mapping
 y - 3 scrolls of fear
 B - 2 scrolls of identify {@r1@r1}
Potions
 d - 2 potions of attraction
 e - a potion of mutation
 g - a potion of brilliance
 i - a potion of cancellation
 n - 2 potions of flight
 t - a potion of resistance
 A - a potion of curing {@q1@q1}

Dungeon Overview and Level Annotations

Branches:
Dungeon (8/15)             Temple (1/1) D:5         Ossuary (visited)
   Lair: D:8-11

Altars:
Ashenzari
Cheibriados
Dithmenos
Elyvilon
Fedhas
Gozag
Hepliaklqana
Kikubaaqudgha
Makhleb
Nemelex Xobeh
Okawaru
Qazlal
Ru
Sif Muna
Trog
Uskayaw
Vehumet
Wu Jian
Xom
Yredelemnul
Zin

Shops:
D:4 (

Annotations:
D:3 Grinder
D:6 1 runed translucent door, Goblin1989's ghost, novice DsDe

... .# #.# #)# # #.# #.#
###.# #.# ######.##
..#.###.###.......#
..................#
#.#####.###..?....#
#..............o..#
#.##...###......@.#
#.#.............o......#
.........#............:#
...............!........
.........#####.###......
#.#.....## #.# ......
#.#....## #.# #.....
######## ## #####


You could see an orc warrior and an orc priest.


Message History

You hit the orc warrior.
The orc warrior is lightly wounded.
The orc priest miscasts a cantrip.
The orc warrior closely misses you.
You hit the orc warrior.
The orc warrior is moderately wounded.
You block the orc warrior's attack.
The orc priest mumbles some strange prayers to Beogh against you.
Pain shoots through your body!
* * * LOW HITPOINT WARNING * * *
You whack the orc warrior!
The orc warrior is heavily wounded.
The orc warrior closely misses you.
You closely miss the orc warrior.
The orc warrior is heavily wounded.
The orc priest hits you with a +0 flail.
* * * LOW HITPOINT WARNING * * *
The orc warrior hits you but does no damage.
Unknown command.
You hit the orc priest.
The orc priest is moderately wounded.
The orc warrior hits you with a +1 halberd of venom.
* * * LOW HITPOINT WARNING * * *
You block the orc priest's attack.
Okay, then.
Unknown command.
You are confused.
You feel invigorated.
The orc warrior hits you with a +1 halberd of venom!
You die...

Skill      XL: |  1  2  3  4  5  6  7  8  9 |
---------------+----------------------------+-----
Poison Magic   | 5 6 7 8 10 13 14 | 14.7
Air Magic      | 1 2 3 |  3.0
Transmutations | 2 |  2.0
Shields        | 1 2 |  2.4
Invocations    | 5 |  5.2
Dodging        | |  1.5
Stealth        | |  3.0
Spellcasting   | |  2.0

Action                   |  1- 3 |  4- 6 |  7- 9 || total
-------------------------+-------+-------+-------++-------
Melee: Whip              |    41 |   200 |   324 ||   565
 Cast: Sting             |    27 |    36 |    49 ||   112
       Poisonous Vapours |       |     8 |    67 ||    75
       Mephitic Cloud    |       |       |    11 ||    11
       Ignite Poison     |       |       |     6 ||     6
 Abil: Spit Poison       |       |     1 |     7 ||     8
  Use: Scroll            |     1 |     5 |    10 ||    16
       Potion            |       |    10 |     5 ||    15
 Stab: Sleeping          |     2 |       |     3 ||     5
       Confused          |       |       |     3 ||     3
Armor: Robe              |     8 |    68 |    23 ||    99
       Skin              |       |     7 |       ||     7
       Leather armour    |       |       |    86 ||    86
       Acid dragon scale |       |       |    35 ||    35
Dodge: Dodged            |    39 |    75 |   173 ||   287
Block: Buckler           |       |    32 |    91 ||   123

Levels and vault maps discovered:
D:1:      zaba_arrival_water, layout_loops_ring, minmay_pentomino_r4
D:2:      layout_basic
D:3:      layout_basic, yredelemnul_altar_generic, uniq_grinder, uniq_jessica
D:4:      minmay_diamond_boxcup, layout_basic,
          grunt_temple_overflow_order_and_chaos_1, kennysheep_little_box,
          enter_ossuary_2, serial_shops, kennysheep_mini_moat,
          minmay_tree_intersection, nrook_campfire, uniq_natasha
D:5:      layout_loops_ring, lemuel_round_altar, kennysheep_vampire_church,
          minmay_temple_entry_junction, uniq_blork_the_orc
D:6:      layout_basic, gammafunk_ghost_grave, basic_altar
D:7:      layout_basic, lightli_minifort, uniq_menkaure, uniq_maggie,
          uniq_duvessa
D:8:      layout_loops_ring, nicolae_tso_carved_into_rock
Temple:   regret_index_temple_generic_petals

Notes
Turn   | Place    | Note
-------+----------+-------------------------------------------
     0 | D:1      | Dracia the Naga Venom Mage began the quest for the Orb.
     0 | D:1      | Reached XP level 1. HP: 15/15 MP: 3/3
   373 | D:1      | Reached XP level 2. HP: 22/22 MP: 1/5
   376 | D:1      | Learned a level 2 spell: Poisonous Vapours
  1125 | D:2      | Reached XP level 3. HP: 28/28 MP: 4/6
  1489 | D:3      | Noticed Jessica
  1490 | D:3      | Reached skill level 5 in Poison Magic
  1492 | D:3      | Reached skill level 1 in Air Magic
  1494 | D:3      | Killed Jessica
  1495 | D:3      | Reached skill level 2 in Transmutations
  1495 | D:3      | Reached XP level 4. HP: 33/36 MP: 0/7
  1581 | D:3      | Learned a level 3 spell: Mephitic Cloud
  1627 | D:3      | Reached skill level 2 in Air Magic
  1627 | D:3      | Reached skill level 6 in Poison Magic
  1808 | D:3      | Reached XP level 5. HP: 34/42 MP: 5/8
  1828 | D:3      | Noticed Grinder
  2114 | D:3      | Found a basalt altar of Yredelemnul.
  2239 | D:4      | Found a sand-covered staircase.
  2260 | Ossuary  | Entered an ossuary
  3140 | Ossuary  | Identified a potion of resistance
  3519 | Ossuary  | HP: 2/42 [mummy (14)]
  3834 | Ossuary  | Noticed Menkaure
  3848 | Ossuary  | Killed Menkaure
  3849 | Ossuary  | Reached skill level 1 in Shields
  3849 | Ossuary  | Reached skill level 3 in Air Magic
  3849 | Ossuary  | Reached skill level 7 in Poison Magic
  3849 | Ossuary  | Reached XP level 6. HP: 14/49 MP: 9/9
  3853 | Ossuary  | Learned a level 3 spell: Ignite Poison
  4355 | D:4      | Noticed an angel
  4356 | D:4      | Found a glowing silver altar of Zin.
  4357 | D:4      | Found a shimmering altar of Xom.
  4637 | D:4      | Reached skill level 8 in Poison Magic
  4637 | D:4      | Reached XP level 7. HP: 51/55 MP: 5/10
  4707 | D:4      | Reached skill level 2 in Shields
  4883 | D:4      | Reached skill level 9 in Poison Magic
  5005 | D:4      | Noticed Natasha
  5010 | D:4      | Killed Natasha
  5076 | D:4      | Found Xomut's Antique Weapon Shop.
  5132 | D:4      | Found a hide-covered altar of Uskayaw.
  5389 | D:4      | Noticed Natasha
  5395 | D:4      | Killed Natasha
  5473 | D:4      | Noticed Natasha
  5481 | D:4      | Killed Natasha
  5579 | D:5      | Entered Level 5 of the Dungeon
  5610 | D:5      | Reached skill level 10 in Poison Magic
  5610 | D:5      | Reached XP level 8. HP: 29/62 MP: 0/11
  5962 | D:5      | Noticed Blork the orc
  5969 | D:5      | Killed Blork the orc
  5975 | D:5      | Reached skill level 11 in Poison Magic
  6187 | D:5      | Found an iron altar of Okawaru.
  6286 | D:5      | Found a staircase to the Ecumenical Temple.
  6336 | Temple   | Entered the Ecumenical Temple
  6460 | Temple   | Became a worshipper of Cheibriados the Contemplative
  7029 | D:5      | Found an ancient bone altar of Kikubaaqudgha.
  7156 | D:6      | Reached skill level 12 in Poison Magic
  7268 | D:6      | HP: 4/61 [orc warrior/+0 long sword (9)]
  7579 | D:6      | Reached * piety under Cheibriados
  7779 | D:6      | Noticed Goblin1989's ghost (novice DsDe)
  7781 | D:6      | Found a runed translucent door.
  7816 | D:6      | Found a shimmering blue altar of Sif Muna.
  7862 | D:6      | Reached skill level 13 in Poison Magic
  7862 | D:6      | Reached XP level 9. HP: 52/68 MP: 7/12
  8470 | D:7      | Noticed a hornet
  8473 | D:7      | Noticed Maggie
  8479 | D:7      | Killed a hornet
  8502 | D:7      | Killed Maggie
  8503 | D:7      | Reached skill level 14 in Poison Magic
  8793 | D:7      | Noticed Duvessa
  8808 | D:7      | Killed Duvessa
  8812 | D:7      | Noticed Dowan
  8888 | D:7      | Reached ** piety under Cheibriados
  9027 | D:7      | Reached skill level 1 in Invocations
  9095 | D:7      | Reached skill level 2 in Invocations
  9201 | D:7      | Killed Dowan
  9292 | D:7      | Reached skill level 3 in Invocations
  9464 | D:7      | Reached skill level 4 in Invocations
 10039 | D:8      | Reached skill level 5 in Invocations
 10346 | D:8      | HP: 1/68 [orc warrior/+1 halberd of venom (6)]
 10347 | D:8      | Mangled by an orc warrior

Vanquished Creatures
  Maggie (D:7)
  A hornet (D:7)
  Menkaure (Ossuary)
  Duvessa (D:7)
  2 orc warriors
  2 sky beasts
  A phantom (D:5)
  2 ogres
  2 centaurs
  Blork the orc (D:5)
  3 bullfrogs
  Dowan (D:7)
  A water moccasin zombie (D:6)
  3 scorpions
  3 killer bees (D:8)
  A vampire bat (D:5)
  4 hounds
  6 orc priests
  2 bullfrog skeletons (D:6)
  Jessica (D:3)
  Natasha (thrice) (D:4)
  5 orc wizards
  3 worker ants (D:4)
  3 mummies (Ossuary)
  2 worker ant zombies (D:7)
  7 adders
  A shadow imp (D:7)
  An ufetubus (D:5)
  An ooze (D:2)
  An adder skeleton (D:7)
  A worm (D:4)
  A dart slug (D:1)
  4 leopard geckos
  28 orcs
  A ball python (D:3)
  6 bats
  4 bat skeletons (D:5)
  A bat zombie (D:5)
  3 giant cockroaches
  8 gnoll zombies (Ossuary)
  7 hobgoblins
  7 jackals
  3 quokkas
  A frilled lizard (D:4)
  3 gnoll skeletons (Ossuary)
  4 goblins
  3 goblin skeletons (Ossuary)
  4 goblin zombies (Ossuary)
  3 hobgoblin skeletons (Ossuary)
  A hobgoblin zombie (Ossuary)
  4 kobolds
  5 kobold skeletons (Ossuary)
  6 kobold zombies (Ossuary)
  A leopard gecko zombie (D:7)
  4 orc skeletons (Ossuary)
  4 orc zombies (Ossuary)
  A quokka skeleton (D:5)
  4 rats
  7 rat skeletons (Ossuary)
  2 rat zombies (Ossuary)
197 creatures vanquished.

Table legend: (Time is in decaauts)
 A = Elapsed time spent in this place.
 B = Non-inter-level travel time spent in this place.
 C = Inter-level travel time spent in this place.
 D = Time resting spent in this place.
 E = Time spent auto-exploring this place.
 F = Levels seen in this place.
 G = Mean time per level.
                   A        B        C        D        E       F      G
               +--------+--------+--------+--------+--------+-----+--------+
         Total |  12869 |  12520 |    349 |   2258 |   8484 |  10 | 1286.9 |
       Dungeon |  10703 |  10400 |    303 |   1243 |   7760 |   8 | 1337.9 |
        Temple |    217 |    171 |     46 |      0 |    161 |   1 |  217.0 |
       Ossuary |   1948 |   1948 |      0 |   1014 |    562 |   1 | 1948.0 |
               +--------+--------+--------+--------+--------+-----+--------+

Top non-repeatable levels by time:
     D:7: 2277 daAuts
 Ossuary: 1948 daAuts
     D:4: 1910 daAuts
     D:5: 1815 daAuts
     D:6: 1585 daAuts
     D:1: 1311 daAuts
     D:2: 710 daAuts
     D:3: 570 daAuts
     D:8: 521 daAuts
  Temple: 217 daAuts

Table legend:
 A = Non-vault XP
 B = Vault XP
 C = Vault XP percentage of total XP
 D = Non-vault monster count
 E = Vault monster count
 F = Vault count percentage of total count
                 A         B        C        D         E       F
            +---------+---------+-------+---------+---------+-------
      Total |    2991 |    1512 |  33.6 |     122 |      74 |  37.8
            +---------+---------+-------+---------+---------+-------
        D:1 |      31 |       2 |   6.1 |      16 |       2 |  11.1
        D:2 |      13 |       0 |   0.0 |       6 |       0 |   0.0
        D:3 |     102 |      37 |  26.6 |      11 |       1 |   8.3
        D:4 |     371 |     261 |  41.3 |      18 |       5 |  21.7
        D:5 |     594 |     161 |  21.3 |      19 |       7 |  26.9
        D:6 |     726 |       0 |   0.0 |      26 |       0 |   0.0
        D:7 |     890 |     771 |  46.4 |      20 |       6 |  23.1
        D:8 |     264 |       0 |   0.0 |       6 |       0 |   0.0
    Ossuary |       0 |     280 | 100.0 |       0 |      53 | 100.0
            +---------+---------+-------+---------+---------+-------
